 Dungeon Crawl Stone Soup version 0.24-a0-498-ge00f04a (webtiles) character file.

Game seed: 16480322641559201258

39 silentkaos13 the Conjurer (level 3, -2/19 HPs)
             Began as a Deep Elf Conjurer on July 13, 2019.
             Slain by a goblin
             ... wielding a +0 club
             ... led by Robin
              (4 damage)
             ... on level 2 of the Dungeon.
             The game lasted 00:03:06 (903 turns).

silentkaos13 the Conjurer (Deep Elf Conjurer)        Turns: 903, Time: 00:03:08

Health: -2/19      AC:  2    Str:  5    XL:     3   Next: 28%
Magic:  0/9        EV: 13    Int: 20    God:
Gold:   106        SH:  0    Dex: 15    Spells: 7/8 levels left

rFire    . . .     SeeInvis .   (no weapon)
rCold    . . .     Gourm    .   (no shield)
rNeg     . . .     Faith    .   a - +0 robe
rPois    .         Spirit   .   (no helmet)
rElec    .         Reflect  .   (no cloak)
rCorr    .         Harm     .   (no gloves)
MR       .....                  (no boots)
Stlth    ++........             (no amulet)
HPRegen  0.06/turn              (no ring)
MPRegen  0.11/turn              (no ring)

@: no status effects
A: no striking features
a: no special abilities


You were on level 2 of the Dungeon.
You were not hungry.

You visited 1 branch of the dungeon, and saw 3 of its levels.

You collected 106 gold pieces.

Inventory:

Armour
 a - a +0 robe (worn)
Potions
 b - a potion of agility {unknown}
 d - a potion of magic {unknown}
 e - a potion of curing {unknown}
 f - 2 potions of mutation {unknown}
 g - a potion of cancellation {unknown}
 h - a potion of invisibility {unknown}
Comestibles
 c - 3 rations


   Skills:
 + Level 2.5 Dodging
 - Level 2.4 Stealth
 + Level 3.3 Spellcasting
 + Level 5.5 Conjurations


You had 7 spell levels left.
You knew the following spells:

 Your Spells              Type           Power        Failure   Level  Hunger
a - Magic Dart            Conj           ####         1%          1    None

Your spell library contained the following spells:

 Spells                   Type           Power        Failure   Level  Hunger
 Searing Ray              Conj           ####..       2%          2    ##.....
 Dazzling Spray           Conj/Hex       ##....       13%         3    ###....
 Iskenderun's Mystic Bla  Conj           ####....     14%         4    ####...
 Force Lance              Conj/Tloc      ##......     41%         4    ####...
 Fulminant Prism          Conj/Hex       ##........   41%         4    ####...


Dungeon Overview and Level Annotations

Branches:
Dungeon (3/15)

Altars:
Ashenzari
Okawaru

Annotations:
D:2 Robin


Message History

The goblin is severely wounded.
The goblin completely misses you.
Things that are here:
a +0 club; a goblin corpse Robin throws the goblin at you!
You hit the goblin.
The goblin is severely wounded.
The goblin closely misses you. Robin throws the goblin at you!
The goblin misses you. x2
You closely miss the goblin.
The goblin is severely wounded.
The goblin barely misses you. The goblin hits you with a +0 club.
The goblin misses you.
You hit the goblin but do no damage.
The goblin is severely wounded.
Robin says, "My army is invincible!"
The hobgoblin closely misses you. The goblin hits you with a +0 dagger.
* * * LOW HITPOINT WARNING * * *
The goblin hits you with a +0 club.
You die...

##.###............###....#⌠.##'##
.._..+.####.#..##.# #............
######†...#...###.# #.#####......
### #.##.........# #.#...#......
#### #.##.........# #.#...'..._..
.......##.........# #.#...#......
...#..###.........# #.#####......
####.# #.......gg# #....#.......
#. ........@.####....⌠.##+## #.
........ggg.......####...#
.....####.#####........... .
#g..# #......#...# .##.#
#.......#+#. g. .# #...........
..† # ########..#. .... ##.#.
..... #.#.


You could see a hobgoblin and 5 goblins.

Vanquished Creatures
  An adder (D:2)
  A dart slug (D:1)
  4 bats
  4 giant cockroaches
  5 goblins (D:2)
  5 hobgoblins
  A quokka (D:2)
  2 frilled lizards
  2 kobolds (D:1)
  2 rats (D:1)
27 creatures vanquished.

Notes
Turn   | Place    | Note
-------+----------+-------------------------------------------
     0 | D:1      | silentkaos13 the Deep Elf Conjurer began the quest for the
                  | Orb.
     0 | D:1      | Reached XP level 1. HP: 10/10 MP: 6/6
   277 | D:1      | Reached XP level 2. HP: 15/15 MP: 6/8
   341 | D:1      | Reached skill level 5 in Conjurations
   570 | D:2      | Found an iron altar of Okawaru.
   584 | D:2      | Found a faded altar of an unknown god.
   632 | D:2      | Reached XP level 3. HP: 19/19 MP: 7/9
   656 | D:2      | You fall into a shaft and drop 1 floor!
   682 | D:2      | Found a shattered altar of Ashenzari.
   888 | D:2      | Noticed Robin
   903 | D:2      | Slain by a goblin

Levels and vault maps discovered:
D:1:      dpeg_arrival_windows_large_door, layout_rooms,
          hangedman_decor_clover_reticule
D:2:      layout_basic, evilmike_ruin_ashenzari, lemuel_doored_altar,
          first_ration, chequers_ecumenical_altar_simple_redux, minivault_26,
          uniq_robin
D:3:      layout_basic, gammafunk_ghost_smash, kennysheep_jessica_study

Skill      XL: |  1  2 |
---------------+-------+-----
Conjurations   | 5 |  5.5
Dodging        | |  2.5
Stealth        | |  2.4
Spellcasting   | |  3.3

Action                   || total
-------------------------++-------
Melee: Unarmed           ||     4
 Cast: Magic Dart        ||    45
Armor: Robe              ||     5
Dodge: Dodged            ||    12

Table legend:
 A = Non-vault XP
 B = Vault XP
 C = Vault XP percentage of total XP
 D = Non-vault monster count
 E = Vault monster count
 F = Vault count percentage of total count
                 A         B        C        D         E       F
            +---------+---------+-------+---------+---------+-------
      Total |      46 |      11 |  19.3 |      21 |       6 |  22.2
            +---------+---------+-------+---------+---------+-------
        D:1 |      24 |       0 |   0.0 |      14 |       0 |   0.0
        D:2 |      20 |      11 |  35.5 |       6 |       6 |  50.0
        D:3 |       2 |       0 |   0.0 |       1 |       0 |   0.0
            +---------+---------+-------+---------+---------+-------
